 Dungeon Crawl Stone Soup version 0.18-a0-1670-gb40d73e (webtiles) character file.

141 Kidiri the Magician (level 5, -6/29 HPs)
             Began as a Deep Elf Venom Mage on Apr 1, 2016.
             Killed from afar by Chiseanne's ghost (10 damage)
             ... with a zap
             ... on level 4 of the Dungeon.
             The game lasted 00:11:07 (3659 turns).

Kidiri the Magician (Deep Elf Venom Mage)           Turns: 3659, Time: 00:11:08

Health: -6/29      AC:  4    Str:  5    XL:     5   Next: 3%
Magic:  6/14       EV: 13    Int: 21    God:
Gold:   57         SH:  0    Dex: 15    Spells: 4 memorised, 4 levels left

rFire  . . .     SeeInvis .     q - +2 dagger (drain)
rCold  . . .     Gourm    .     a - +0 robe
rNeg   . . .     Faith    .     (no shield)
rPois  .         Spirit   .     k - +1 hat
rElec  .         Dismiss  .     l - +0 cloak
rCorr  .         Reflect  .     (no gloves)
SustAt .         Harm     .     (no boots)
MR     .....                    (no amulet)
Stlth  ++........               (no ring)
                                (no ring)

@: about to teleport, not resistant to hostile enchantments, unstealthy
A: no striking features
a: no special abilities


You were on level 4 of the Dungeon.
You were not hungry.

You visited 1 branch of the dungeon, and saw 4 of its levels.

You collected 57 gold pieces.

Inventory:

Hand Weapons
 q - a +2 dagger of draining (weapon)
Armour
 a - a +0 robe (worn)
 k - a +1 hat (worn)
 l - a +0 cloak (worn)
Wands
 i - a wand of confusion (43/48)
Scrolls
 h - a scroll of remove curse
 o - 2 scrolls of fog
Potions
 f - a potion of lignification
 m - a potion of flight
Books
 b - a Young Poisoner's Handbook

   Spells                             Type                      Level
   a - Sting                          Conjuration/Poison           1
   b - Cure Poison                    Poison                       2
   c - Mephitic Cloud                 Conjuration/Poison/Air       3
   d - Olgreb's Toxic Radiance        Poison                       4
   e - Venom Bolt                     Conjuration/Poison           5
Comestibles
 p - 3 bread rations


   Skills:
 + Level 1.0 Fighting
 + Level 2.9 Dodging
 - Level 2.4 Stealth
 * Level 5.0 Spellcasting
 + Level 2.0 Conjurations
 + Level 1.1 Air Magic
 + Level 4.8 Poison Magic


You had 4 spell levels left.
You knew the following spells:

 Your Spells              Type           Power        Failure   Level  Hunger
a - Sting                 Conj/Pois      ###.         2%          1    None
b - Cure Poison           Pois           ####......   1%          2    None
c - Mephitic Cloud        Conj/Pois/Air  ###.....     14%         3    ##.....
d - Olgreb's Toxic Radia  Pois           ####....     17%         4    ####...


Dungeon Overview and Level Annotations

Branches:
Dungeon (4/15)
 Temple: D:4-7

Altars:
Ru

Annotations:
D:4 Chiseanne's ghost, amateur CeAE


Message History

You feel better. Chiseanne's ghost hits you.
You are lethally poisoned!
Casting: Cure Poison
Confirm with . or Enter, or press ? or * to list all spells.
You are no longer poisoned.
Chiseanne's ghost hits you.
* * * LOW HITPOINT WARNING * * *
You are lethally poisoned!
Unknown command.
Read which item? (? for menu, Esc to quit)
As you read the scroll of teleportation, it crumbles to dust.
You feel strangely unstable.
* * * LOW HITPOINT WARNING * * *
You feel sick. Chiseanne's ghost closely misses you.
Casting: Cure Poison
Confirm with . or Enter, or press ? or * to list all spells.
You are no longer poisoned.
Chiseanne's ghost points at you and mumbles some strange words.
The zap hits you!
You die...

#### ########### ...#
#.........##### ...#
#.........#...# ...#
#.........#...# ...#
#.........'...# ...#
#.......W.#...# ...#
#......@..#...# ...#
#.........##'##
...#######.......a.#...
§..........#########..<.
§..........# ......
§.......>..# ##...##.
§..........# #...# ..
...........# ....# ##
###........#


You could see a worker ant (confused) and Chiseanne's ghost.

Vanquished Creatures
  Crazy Yiuf (D:2)
  Jessica (D:3)
  2 adders
  4 worms
  2 dart slugs
  2 giant geckos
  5 giant cockroaches
  5 goblins
  6 hobgoblins
  3 jackals (D:1)
  5 bats
  3 giant newts
  11 kobolds
  2 rats
  A fungus (D:3)
53 creatures vanquished.

Vanquished Creatures (others)
  A fungus (D:2)
1 creature vanquished.

Grand Total: 54 creatures vanquished

Notes
Turn   | Place    | Note
--------------------------------------------------------------
     0 | D:1      | Kidiri the Deep Elf Venom Mage began the quest for the Orb.
     0 | D:1      | Reached XP level 1. HP: 10/10 MP: 6/6
   212 | D:1      | Reached XP level 2. HP: 15/15 MP: 2/8
   275 | D:1      | Learned a level 2 spell: Cure Poison
   656 | D:2      | Reached skill level 1 in Conjurations
   971 | D:2      | Reached XP level 3. HP: 19/19 MP: 7/10
   976 | D:2      | Learned a level 3 spell: Mephitic Cloud
  1028 | D:2      | Reached skill level 4 in Spellcasting
  2200 | D:2      | Noticed Crazy Yiuf
  2238 | D:2      | Killed Crazy Yiuf
  2238 | D:2      | Reached XP level 4. HP: 20/24 MP: 0/12
  2438 | D:3      | Reached skill level 1 in Air Magic
  2702 | D:3      | Noticed Jessica
  2718 | D:3      | Killed Jessica
  2718 | D:3      | Reached skill level 1 in Fighting
  2782 | D:3      | Learned a level 4 spell: Olgreb's Toxic Radiance
  3170 | D:3      | Found a sacrificial altar of Ru.
  3210 | D:3      | Reached XP level 5. HP: 29/29 MP: 11/14
  3216 | D:3      | Reached skill level 5 in Spellcasting
  3628 | D:4      | Noticed Chiseanne's ghost (amateur CeAE)
  3659 | D:4      | Killed from afar by Chiseanne's ghost

Vault maps used:
D:1:      scummos_arrival_simple_crosswalls
D:2:      minmay_kobold_bridge, uniq_crazy_yiuf_cottage
D:3:      nicolae_ru_the_path_less_chosen, first_bread, st_stairs_12,
          uniq_jessica
D:4:      grunt_temple_overflow_open, grunt_pakellas_sulfur

Skill      XL: |  1  2  3  4  5 |
---------------+----------------+-----
Conjurations   | 1 2 |  2.0
Spellcasting   | 4 5 |  5.0
Air Magic      | 1 |  1.1
Fighting       | 1 |  1.0
Dodging        | |  2.9
Stealth        | |  2.4
Poison Magic   | |  4.8

Action                   |  1- 3 |  4- 6 || total
-------------------------+-------+-------++-------
Melee: Unarmed           |     3 |       ||     3
       Dagger            |    14 |    35 ||    49
 Cast: Sting             |    87 |    45 ||   132
       Mephitic Cloud    |     2 |     1 ||     3
       Cure Poison       |       |     6 ||     6
Evoke: Wand              |       |     2 ||     2
  Use: Scroll            |       |    10 ||    10
       Potion            |       |     2 ||     2
 Stab: Sleeping          |       |     1 ||     1
  Eat: Chunk             |     3 |     1 ||     4
       Bread ration      |       |     1 ||     1
